 Dungeon Crawl Stone Soup version 0.20-a0-16-g0876c8e (webtiles) character file.

371212 Lochraine the Shatterer (level 22, -2/273 HPs)
             Began as an Ogre Berserker on Nov 4, 2016.
             Was the Champion of Trog.
             Killed from afar by a tengu reaver (13 damage)
             ... with a blast of poison
             ... on level 4 of the Depths on Nov 5, 2016.
             The game lasted 03:35:23 (47526 turns).

Lochraine the Shatterer (Ogre Berserker)           Turns: 47526, Time: 03:35:23

Health: -2/273     AC: 15    Str: 29    XL:     22   Next: 67%
Magic:  17/31      EV: 31    Int:  6    God:    Trog [******]
Gold:   730        SH:  0    Dex: 25    Spells: 0 memorised, 21 levels left

rFire  + + .     SeeInvis .     b - +7 giant spiked club of Governance {flame, +Fly Dex+7}
rCold  + + .     Gourm    +     Y - +0 fire dragon scales
rNeg   . . .     Faith    .     (shield currently unavailable)
rPois  .         Spirit   .     (helmet restricted)
rElec  +         Reflect  .     C - +1 cloak of Starlight {rElec rC+ EV+4 Stlth--}
rCorr  .         Harm     .     (gloves unavailable)
MR     ++++.                    (boots unavailable)
Stlth  ..........               w - amulet of Xaffe {Gourm rC++}
                                S - ring of Foejy {+Inv Dex+3 Stlth-}
                                A - +5 ring of evasion

@: lethally poisoned (-2 -> -36), exhausted, slightlycontaminated, regenerating,
hasted and slowed
A: unfitting armour, robust 1, tough skin 1, MP-powered wands
a: Berserk, Trog's Hand, Brothers in Arms, Burn Spellbooks, Renounce Religion,
Evoke Invisibility, Evoke Flight
}: 2/15 runes: decaying, gossamer


You were on level 4 of the Depths.
You worshipped Trog.
Trog was exalted by your worship.
You were not hungry.

You visited 8 branches of the dungeon, and saw 41 of its levels.
You visited 1 bazaar.
You also visited: Sewer.

You collected 4117 gold pieces.
You spent 3387 gold pieces at shops.

Inventory:

Hand Weapons
 b - the +7 giant spiked club of Governance (weapon) {flame, +Fly Dex+7}
   (Trog gifted it to you on level 2 of the Vaults)

   It has been specially enchanted to burn those struck by it, causing extra
   injury to most foes and up to half again as much damage against particularly
   susceptible opponents.
   It affects your dexterity (+7).
   It lets you fly.
 G - the +7 giant club "Nuqidi" {antimagic, Str+5}
   (Trog gifted it to you on level 1 of the Swamp)

   It reduces the magical energy of the wielder, and disrupts the spells and
   magical abilities of those hit.
   Natural abilities and divine invocations are not affected.
   It affects your strength (+5).
 N - a +3 blowgun
 W - the +5 giant club "Iteatigi" {holy, +Blink rF+ SInv}
   (Trog gifted it to you on level 6 of the Lair of Beasts)

   It has been blessed by the Shining One to cause great damage to the undead
   and demons.
   It protects you from fire.
   It lets you see invisible.
   It lets you blink.
Missiles
 o - 23 needles of sleeping
 v - 22 curare-tipped needles
 L - 13 poisoned javelins
 M - 7 throwing nets
 R - 85 large rocks (quivered)
 X - 12 javelins of penetration
Armour
 k - +3 swamp dragon scales
 C - the +1 cloak of Starlight (worn) {rElec rC+ EV+4 Stlth--}
   (You bought it in a shop on level 2 of the Orcish Mines)

   It affects your evasion (+4).
   It protects you from cold.
   It insulates you from electricity.
   It makes you much less stealthy.
 Y - +0 fire dragon scales (worn)
Rods
 a - a +5 rod of shadows (13/13)
   (You bought it in a shop on level 2 of the Orcish Mines)
Jewellery
 w - the amulet of Xaffe (around neck) {Gourm rC++}
   (You found it on level 2 of the Depths)

   [amulet of the gourmand]

   It allows you to eat raw meat even when not hungry.
   It greatly protects you from cold.
 A - a +5 ring of evasion (left hand)
 S - the ring of Foejy (right hand) {+Inv Dex+3 Stlth-}
   (You bought it in a shop on level 12 of the Dungeon)

   [ring of loudness]

   It affects your dexterity (+3).
   It lets you turn invisible.
   It makes you less stealthy.
 T - a +4 amulet of reflection
Wands
 j - a wand of digging (13/24)
 x - a wand of lightning (10/15)
 H - a wand of acid (11/15)
 K - a wand of paralysis (11/24)
 Q - a wand of heal wounds (1/9)
 V - a wand of hasting (4/9)
Scrolls
 d - 4 scrolls of fog
 g - 11 scrolls of teleportation
 l - a scroll of magic mapping
 m - 3 scrolls of identify
 p - 5 scrolls of blinking
 y - 19 scrolls of remove curse
 B - a scroll of recharging
 D - 2 scrolls of silence
 P - 2 scrolls of fear
Potions
 e - a potion of brilliance
 f - 2 potions of cancellation
 h - 8 potions of might
 i - 11 potions of curing
 n - 8 potions of ambrosia
 q - 2 potions of heal wounds
 s - 4 potions of flight
 u - 5 potions of haste
 F - 2 potions of resistance
 I - 3 potions of agility
 O - 3 potions of cure mutation
Miscellaneous
 r - a box of beasts
 t - a phantom mirror
 Z - a phial of floods
Comestibles
 c - 2 bread rations
 z - a beef jerky
 J - 2 fruits
 U - 5 meat rations


   Skills:
 - Level 20.4 Fighting
 - Level 24.1 Maces & Flails
 + Level 14.4 Throwing
 - Level 12.0 Armour
 - Level 15.4 Dodging
   Level 4.5 Shields
 - Level 13.0 Evocations


You had 21 spell levels left.
You didn't know any spells.

Dungeon Overview and Level Annotations

Branches:
Dungeon (15/15)            Temple (0/1) D:7            Lair (6/6) D:9
  Swamp (4/4) Lair:3       Spider (4/4) Lair:4        Slime (0/5) Lair:6
    Orc (2/2) D:9             Elf (2/3) Orc:2        Vaults (4/5) D:14
  Crypt (0/3) Vaults:3     Depths (4/5) D:15

Altars:
Ashenzari
Cheibriados
Dithmenos
Elyvilon
Gozag
Hepliaklqana
Kikubaaqudgha
Qazlal
Ru
Trog
Uskayaw
Vehumet
Yredelemnul
Zin
The Shining One
Jiyva

Shops:
D:12 =   Orc:2 =[}}   Elf:1 }   Elf:2 ==}   Depths:2 *   Depths:4 (*=(

Portals:
Hell: Depths:1 Depths:2 Depths:3 Depths:4
Abyss: Depths:1 Depths:4
Pandemonium: Depths:3
Trove: D:14 (give 6 scrolls of blinking)

Annotations:
D:4 1 exclusion
D:6 exclusion: statue
D:7 2 exclusions
Lair:4 exclusion: oklob plant
Elf:2 4 runed doors, exclusion: 2 doors


Innate Abilities, Weirdness & Mutations

You are too large for most types of armour.
You have tough skin. (AC +1)
You are robust. (+10% HP)
You expend magic power (3 MP) to strengthen your wands.


Message History

The tengu reaver is engulfed in poison gas.
The tengu reaver is poisoned.
With effort, you pull free of the water engulfing you.
You gasp with relief as air once again reaches your lungs.
You enter the shallow water.
Moving in this stuff is going to be slow.
You are engulfed in poison gas.
You are more poisoned.
* * * LOW HITPOINT WARNING * * *
x2 You feel extremely sick.
The water elemental closely misses you.
The tengu reaver is engulfed in poison gas.
The tengu reaver looks even sicker.
The water elemental hits you.
* * * LOW HITPOINT WARNING * * *
The tengu reaver is engulfed in poison gas.
The tengu reaver looks even sicker.
The tengu reaver points at you and mumbles some strange words.
The blast of poison engulfs you!
You are more poisoned.
You die...

*+** *,,,,,,,,,
,,,*
######****,,,,,,,,,
≈≈,*
#....,,,,,,,,,,,,,,
≈≈,*
#.≈≈≈≈≈≈,,,,,,,,,,,
≈≈,*
#.≈≈#**≈,,,,,,,,,,,
≈≈,* #.≈≈#
*≈,,,,,,,,,,, ≈≈,*
#.≈≈# *≈,.,,,,,,,,,
≈≈,*
#.§§###≈..,,,,,,,,,
≈≈,*
#§@Q*t≈≈..,,,,,,,,,
,,,*
#§§E§§....,,,,,,,,,
****
##########*********


You could see a tengu reaver, a fire crab shaped shifter, a water elemental and
a battlesphere.

Vanquished Creatures
  Saint Roka (Orc:2)
  4 golden dragons
  Jory (Vaults:3)
  3 tentacled monstrosities
  3 liches
  Asterion (Depths:3)
  The ghost of Capuchin the Warrior, an adept MiFi of Okawaru (Spider:1)
  5 sphinxes
  2 thorn hunters
  A tengu reaver (Depths:3)
  3 deep elf sorcerers
  3 fire giants
  The ghost of graymark the Tortoise, an adept GrGl of Qazlal (Swamp:3)
  An iron dragon (Depths:2)
  7 vault wardens
  8 frost giants
  A balrug (Depths:2)
  5 emperor scorpions
  5 ghost moths
  The ghost of Soeti the Grappler, an adept VSMo of Cheibriados (Spider:2)
  2 spriggan defenders (Depths:4)
  A war gargoyle (Vaults:1)
  10 very ugly things
  An entropy weaver (Spider:2)
  8 ironheart preservers
  10 stone giants
  2 vampire knights
  2 deep elf demonologists
  A spark wasp (Spider:4)
  A merfolk javelineer (Depths:1)
  2 deep elf death magi
  6 fire dragons
  8 ettins
  2 jiangshi (Depths:2)
  7 yaktaur captains
  11 great orbs of eyes
  Fannar (Orc:1)
  Harold (D:11)
  2 vault guards
  Erica (Orc:1)
  19 hydras
  2 rakshasas
  5 spriggan air magi
  A ghost crab (Swamp:3)
  8 ice dragons
  A catoblepas (Lair:3)
  8 ogre magi
  13 alligators
  A death yak (Lair:4)
  11 dancing weapons
  3 tengu warriors
  4 death knights
  14 centaur warriors
  3 deep troll earth magi
  5 deep troll shamans
  A vampire mage (Depths:2)
  An orc high priest (Orc:2)
  2 sun demons (Depths:2)
  3 spriggan berserkers
  9 deep elf knights
  A hell knight (Depths:2)
  3 shadow wraiths
  8 skeletal warriors
  An iron troll (Depths:1)
  A storm dragon skeleton (Depths:2)
  9 deep trolls
  5 glowing orange brains
  4 unseen horrors
  A hill giant (shapeshifter) (Vaults:2)
  3 spriggan druids
  4 flayed ghosts
  13 swamp dragons
  3 phantasmal warriors
  A sphinx zombie (Vaults:2)
  8 hill giants
  4 shambling mangroves
  2 wizards
  12 deep elf archers
  13 orc knights
  10 ironbrand convokers
  28 deep elf magi
  21 orb spiders
  32 wolf spiders
  6 cyclopes
  10 necromancers
  A tengu skeleton (Vaults:1)
  5 orc sorcerers
  8 elephants
  17 slime creatures
  A moth of wrath (shapeshifter) (Vaults:3)
  A fire giant zombie (Vaults:3)
  28 ugly things
  A manticore (D:11)
  A stone giant skeleton (Vaults:3)
  5 centaur skeletons
  5 vault sentinels
  A frost giant skeleton (Depths:2)
  5 black mambas
  3 torpor snails
  A gargoyle (D:15)
  27 spiny frogs
  5 rime drakes
  3 komodo dragons
  7 freezing wraiths
  6 demonic crawlers
  41 yaktaurs
  2 tengu conjurers (Depths:2)
  3 ice devils
  24 jumping spiders
  19 hornets
  5 trolls
  A raiju (shapeshifter) (Vaults:1)
  The ghost of motku00 the Poker, an amateur MfSk (D:4)
  A spriggan zombie (Depths:2)
  8 two-headed ogres
  A dream sheep (Lair:6)
  7 tyrant leeches
  4 blink frogs
  Prince Ribbit (D:5)
  A human simulacrum (Vaults:2)
  11 hippogriffs
  5 bog bodies
  A frost giant simulacrum (Vaults:1)
  Sigmund (D:4)
  9 spriggans
  A vampire (D:11)
  11 air elementals
  49 redbacks
  4 shadows
  32 tarantellas
  29 yaks
  4 water elementals
  6 wyverns
  5 wraiths
  6 basilisks
  A hog (shapeshifter) (Depths:1)
  2 large abominations (Elf:1)
  A wyvern (shapeshifter) (Vaults:2)
  A golden eye (shapeshifter) (D:15)
  A basilisk (shapeshifter) (Depths:2)
  A human (shapeshifter) (Depths:3)
  2 fire elementals
  3 hungry ghosts
  18 vampire mosquitoes
  Edmund (D:4)
  Menkaure (D:4)
  16 swamp worms
  4 mottled dragons
  A soldier ant (shapeshifter) (Vaults:2)
  6 wargs
  An ogre zombie (Vaults:1)
  3 soldier ants
  20 insubstantial wisps
  A deep troll zombie (Vaults:2)
  15 water moccasins
  A swamp drake (shapeshifter) (Vaults:2)
  37 orc warriors
  6 porcupines
  7 swamp drakes
  7 ice beasts
  A black bear (D:7)
  4 phantoms
  An ettin simulacrum (Vaults:2)
  An orc zombie (Vaults:1)
  2 eyes of draining
  2 necrophages (D:14)
  27 ogres
  10 boggarts
  27 centaurs
  14 crocodiles
  7 big kobolds
  A gnoll sergeant (D:6)
  A bullfrog (shapeshifter) (Vaults:2)
  29 bullfrogs
  3 elf zombies
  2 earth elementals
  A glowing shapeshifter simulacrum (Vaults:1)
  A water moccasin zombie (D:10)
  4 wyvern skeletons
  An elf skeleton (D:14)
  7 scorpions
  39 killer bees
  A wight (D:14)
  3 electric eels
  A vampire bat (Lair:6)
  3 howler monkeys
  8 crimson imps
  5 centaur zombies
  A quasit (D:8)
  A bullfrog zombie (D:7)
  5 human zombies (D:14)
  28 orc priests
  A gnoll shaman (D:5)
  9 hounds
  3 jellies
  3 bullfrog skeletons
  2 human skeletons
  5 iguanas
  29 orc wizards
  12 worker ants
  A worker ant zombie (D:11)
  Robin (D:3)
  3 howler monkey zombies
  27 adders
  13 gnolls
  3 river rats (D:9)
  3 shadow imps
  An ufetubus (Vaults:4)
  2 oozes
  7 worms
  2 dart slugs
  2 leopard geckos
  98 orcs
  3 ball pythons (Sewer)
  2 giant cockroaches
  16 goblins
  20 hobgoblins
  14 jackals
  18 kobolds
  5 quokkas
  18 bats
  2 frilled lizards
  A jackal skeleton (D:5)
  A leopard gecko skeleton (D:5)
  A leopard gecko zombie (D:8)
  2 orc skeletons
  23 rats
  A plant (Lair:6)
1629 creatures vanquished.

Vanquished Creatures (collateral kills)
  A thorn hunter (Swamp:4)
  A deep elf sorcerer (Vaults:2)
  An emperor scorpion (Spider:4)
  2 vault wardens (Vaults:2)
  2 ironheart preservers
  An entropy weaver (Spider:3)
  3 stone giants
  A spark wasp (Spider:4)
  A great orb of eyes (Vaults:2)
  Josephine (Orc:1)
  A yaktaur captain (Depths:4)
  2 ice dragons
  2 hydras
  2 vault guards
  A death knight (D:15)
  3 death yaks (Lair:4)
  3 orc high priests (Orc:2)
  2 deep elf knights (Vaults:2)
  Sonja (D:13)
  A spriggan (Depths:4)
  3 deep trolls (Vaults:4)
  An ironbrand convoker (Vaults:2)
  An orc knight (Vaults:1)
  7 ugly things
  3 orb spiders
  5 wolf spiders
  2 orc sorcerers
  3 deep elf magi (Elf:1)
  A guardian serpent (shapeshifter) (Vaults:1)
  6 elephants (Lair:6)
  3 vault sentinels (Vaults:2)
  3 spiny frogs (Lair:6)
  A rime drake (Swamp:4)
  2 demonic crawlers (Spider:3)
  2 hornets
  6 jumping spiders
  2 two-headed ogres
  A slime creature (Vaults:1)
  3 dream sheep (Lair:6)
  3 blink frogs (Lair:2)
  2 bog bodies
  A wyvern (Lair:6)
  7 redbacks
  10 tarantellas
  An air elemental (Elf:1)
  A fire elemental (Elf:1)
  3 vampire mosquitoes (D:15)
  3 swamp worms
  A warg (Orc:1)
  A floating eye (Depths:4)
  A swamp drake (Swamp:3)
  3 orc warriors
  2 ogres
  2 bullfrogs (Lair:6)
  3 electric eels (D:7)
  4 orc priests
  2 orc wizards
  3 orcs (Orc:2)
140 creatures vanquished.

Vanquished Creatures (others)
  A centaur warrior (Depths:1)
  A deep elf knight (Elf:1)
  A necromancer (Vaults:2)
  An ugly thing (Depths:1)
  A yaktaur (Depths:1)
  A jumping spider (Spider:1)
  A hornet (Spider:4)
  A boggart (Depths:4)
  4 orcs
  6 briar patches (Swamp:4)
  A bush (Lair:6)
  6 fungi
  17 plants
42 creatures vanquished.

Grand Total: 1811 creatures vanquished

Notes
Turn   | Place    | Note
-------+----------+-------------------------------------------
     0 | D:1      | Lochraine the Ogre Berserker began the quest for the Orb.
     0 | D:1      | Reached XP level 1. HP: 24/24 MP: 1/1
   192 | D:1      | Found a snail-covered altar of Cheibriados.
   610 | D:1      | Reached XP level 2. HP: 30/33 MP: 2/2
   987 | D:2      | Reached XP level 3. HP: 40/40 MP: 3/3
  1149 | D:2      | Reached skill level 5 in Maces & Flails
  1410 | D:2      | Reached ** piety under Trog
  1559 | D:2      | Reached XP level 4. HP: 49/49 MP: 4/4
  2024 | D:3      | Noticed a phantom
  2074 | D:3      | Noticed Robin
  2100 | D:3      | Killed a phantom
  2100 | D:3      | Reached skill level 5 in Fighting
  2100 | D:3      | Reached skill level 6 in Maces & Flails
  2100 | D:3      | Reached skill level 1 in Throwing
  2100 | D:3      | Reached XP level 5. HP: 51/57 MP: 5/5
  2122 | D:3      | Killed Robin
  2311 | D:3      | Reached XP level 6. HP: 29/66 MP: 6/6
  2403 | D:3      | Reached skill level 7 in Maces & Flails
  2689 | D:3      | Reached *** piety under Trog
  3028 | D:4      | Reached XP level 7. HP: 55/74 MP: 7/7
  3058 | D:4      | Noticed Sigmund
  3222 | D:4      | Noticed Menkaure
  3241 | D:4      | Reached skill level 8 in Maces & Flails
  3248 | D:4      | Killed Menkaure
  3267 | D:4      | Noticed Edmund
  3286 | D:4      | Killed Edmund
  3312 | D:4      | Killed Sigmund
  3312 | D:4      | Reached skill level 9 in Maces & Flails
  3312 | D:4      | Reached skill level 5 in Dodging
  3312 | D:4      | Reached XP level 8. HP: 67/84 MP: 8/8
  3535 | D:4      | Found a bloodstained altar of Trog.
  3711 | D:4      | Found a shattered altar of Ashenzari.
  3711 | D:4      | Found a snail-covered altar of Cheibriados.
  3712 | D:4      | Found a stormy altar of Qazlal.
  3832 | D:4      | Reached **** piety under Trog
  3879 | D:4      | Noticed motku00's ghost (amateur MfSk)
  3890 | D:4      | Killed motku00's ghost
  3890 | D:4      | Reached skill level 10 in Maces & Flails
  3934 | D:5      | Entered Level 5 of the Dungeon
  4245 | D:5      | Reached XP level 9. HP: 96/96 MP: 9/9
  4255 | D:5      | Reached skill level 11 in Maces & Flails
  4553 | D:5      | Noticed Prince Ribbit
  4580 | D:5      | Killed Prince Ribbit
  5007 | D:6      | Found a glowing drain.
  5018 | Sewer    | Entered a sewer
  5120 | Sewer    | Reached skill level 12 in Maces & Flails
  5816 | D:6      | Reached ***** piety under Trog
  5820 | D:6      | Found a radiant altar of Vehumet.
  6802 | D:7      | Reached XP level 10. HP: 107/107 MP: 10/10
  6937 | D:7      | Reached skill level 13 in Maces & Flails
  6949 | D:7      | Reached skill level 1 in Shields
  7111 | D:7      | Found a sacrificial altar of Ru.
  7138 | D:7      | Found a staircase to the Ecumenical Temple.
  7695 | D:8      | Reached skill level 10 in Fighting
  7833 | D:8      | Received a gift from Trog
  7906 | D:8      | Reached skill level 14 in Maces & Flails
  8204 | D:8      | Found a hazy altar of Hepliaklqana.
  8445 | D:9      | Found a glowing silver altar of Zin.
  8446 | D:9      | Found a glowing golden altar of the Shining One.
  8447 | D:9      | Found a white marble altar of Elyvilon.
  8785 | D:9      | Found an opulent altar of Gozag.
  8785 | D:9      | Found a hide-covered altar of Uskayaw.
  8864 | D:9      | Reached XP level 11. HP: 90/120 MP: 11/11
  9019 | D:9      | Found a staircase to the Orcish Mines.
  9080 | D:9      | Found a staircase to the Lair.
  9127 | Lair:1   | Entered Level 1 of the Lair of Beasts
  9638 | Lair:1   | Received a gift from Trog
 10953 | Lair:2   | Noticed a seven-headed hydra
 10969 | Lair:2   | Killed a seven-headed hydra
 11372 | Lair:3   | Reached skill level 15 in Maces & Flails
 11446 | Lair:3   | Found a staircase to the Swamp.
 11538 | Lair:3   | Noticed a catoblepas
 11551 | Lair:3   | Killed a catoblepas
 11551 | Lair:3   | Reached XP level 12. HP: 60/136 MP: 4/12
 12228 | Lair:3   | HP: 5/136 [poisoned by a black mamba]
 12233 | Lair:3   | HP: 4/136 [poisoned by a black mamba]
 12238 | Lair:3   | HP: 3/136 [poisoned by a black mamba]
 12244 | Lair:3   | HP: 4/136 [poisoned by a black mamba]
 12616 | Lair:4   | Found a hole to the Spider Nest.
 12979 | Lair:4   | Noticed a death yak
 12980 | Lair:4   | Noticed a death yak
 12980 | Lair:4   | Noticed a death yak
 13009 | Lair:4   | Noticed a death yak
 13010 | Lair:4   | Killed a death yak
 13011 | Lair:4   | Killed a death yak
 13019 | Lair:4   | Killed a death yak
 13019 | Lair:4   | Reached skill level 16 in Maces & Flails
 13019 | Lair:4   | Reached skill level 5 in Throwing
 13020 | Lair:4   | Killed a death yak
 13020 | Lair:4   | Reached skill level 10 in Dodging
 13565 | Lair:5   | Noticed a seven-headed hydra
 13571 | Lair:5   | Killed a seven-headed hydra
 13774 | Lair:5   | Noticed an eight-headed hydra
 13783 | Lair:5   | Killed an eight-headed hydra
 13791 | Lair:5   | Reached XP level 13. HP: 144/144 MP: 4/13
 13886 | Lair:5   | Received a gift from Trog
 14288 | Lair:5   | Reached skill level 17 in Maces & Flails
 14343 | Lair:5   | Got a sheer robe
 14354 | Lair:5   | Identified the +1 robe of the Orcish Mines {+Blink Int+3} (You found it on level 5 of the Lair of Beasts)
 14530 | Lair:6   | Entered Level 6 of the Lair of Beasts
 14614 | Lair:6   | Reached skill level 1 in Evocations
 14660 | Lair:6   | Found a staircase to the Slime Pits.
 14660 | Lair:6   | Found a viscous altar of Jiyva.
 15158 | Lair:6   | Received a gift from Trog
 15159 | Lair:6   | Got a crude giant club {god gift}
 15181 | Lair:6   | Identified the +5 giant club "Iteatigi" {holy, +Blink rF+ SInv} (Trog gifted it to you on level 6 of the Lair of Beasts)
 15601 | Lair:6   | Reached skill level 18 in Maces & Flails
 15976 | Lair:6   | Reached XP level 14. HP: 153/153 MP: 17/17
 16548 | D:10     | Entered Level 10 of the Dungeon
 17126 | D:11     | Reached skill level 5 in Evocations
 17160 | D:11     | Found an opulent altar of Gozag.
 17166 | D:11     | Noticed Harold
 17174 | D:11     | Killed Harold
 17187 | D:11     | Gained mutation: You possess an exceptional clarity of mind. [potion of beneficial mutation]
 17253 | D:11     | Found a shadowy altar of Dithmenos.
 17667 | D:12     | Received a gift from Trog
 17908 | D:12     | Received a gift from Trog
 18030 | D:12     | Found Fonk's Jewellery Shoppe.
 18055 | D:12     | Bought the ring of Foejy {+Inv Dex+3 Stlth-} for 389 gold pieces
 18279 | D:12     | Received a gift from Trog
 18681 | D:13     | Noticed Sonja
 18699 | D:13     | Killed Sonja
 19518 | D:14     | Reached ****** piety under Trog
 19662 | D:14     | Reached XP level 15. HP: 149/161 MP: 21/21
 19734 | D:14     | Gained mutation: You are robust. (+10% HP) [potion of beneficial mutation]
 19768 | D:14     | Received a gift from Trog
 19853 | D:14     | Found a basalt altar of Yredelemnul.
 19937 | D:14     | Found a portal to a secret trove of treasure.
 20086 | D:14     | Found a snail-covered altar of Cheibriados.
 20143 | D:14     | Found a gate to the Vaults.
 20230 | D:15     | Entered Level 15 of the Dungeon
 20256 | D:15     | Reached skill level 15 in Fighting
 21161 | D:15     | Found a staircase to the Depths.
 21190 | D:15     | Received a gift from Trog
 21623 | Orc:1    | Entered Level 1 of the Orcish Mines
 21623 | Orc:1    | Noticed Fannar
 21630 | Orc:1    | Killed Fannar
 21869 | Orc:2    | Entered Level 2 of the Orcish Mines
 21911 | Orc:2    | Paralysed by an orc sorcerer for 7 turns
 22013 | Orc:2    | Found a staircase to the Elven Halls.
 22312 | Orc:2    | Received a gift from Trog
 22340 | Orc:2    | Received a gift from Trog
 22352 | Orc:2    | Noticed Saint Roka
 22523 | Orc:2    | Killed Saint Roka
 22523 | Orc:2    | Reached skill level 10 in Throwing
 22526 | Orc:2    | Reached XP level 16. HP: 142/196 MP: 22/22
 22713 | Orc:2    | Received a gift from Trog
 22724 | Orc:2    | Got a brightly glowing longbow {god gift}
 22744 | Orc:2    | Identified the +8 longbow "Ingut" {venom, Fragile Str+5} (Trog gifted it to you on level 2 of the Orcish Mines)
 22762 | Orc:2    | Found Xiwi's Antique Armour Boutique.
 22762 | Orc:2    | Found Hog Qoc's Gadget Shop.
 22763 | Orc:2    | Found Nuul's Gadget Shop.
 22766 | Orc:2    | Found Nevesing's Jewellery Boutique.
 22772 | Orc:2    | Bought a +5 rod of shadows (13/13) for 1214 gold pieces
 23073 | Orc:1    | Noticed Josephine
 23074 | Orc:1    | Noticed Erica
 23078 | Orc:1    | Killed Josephine
 23166 | Orc:1    | Killed Erica
 23391 | Orc:1    | Found a bloodstained altar of Trog.
 23722 | Swamp:1  | Entered Level 1 of the Swamp
 24484 | Swamp:1  | Received a gift from Trog
 24490 | Swamp:1  | Got a twisted giant club {god gift}
 24492 | Swamp:1  | Identified the +7 giant club "Nuqidi" {antimagic, Str+5} (Trog gifted it to you on level 1 of the Swamp)
 25044 | Swamp:2  | Reached skill level 10 in Evocations
 25190 | Swamp:2  | Reached skill level 1 in Armour
 25806 | Swamp:3  | Noticed graymark's ghost (adept GrGl)
 25821 | Swamp:3  | Killed graymark's ghost
 25896 | Swamp:3  | Noticed a thorn hunter
 25908 | Swamp:3  | Killed a thorn hunter
 26053 | Swamp:3  | Reached skill level 5 in Armour
 26417 | Swamp:3  | Received a gift from Trog
 26834 | Swamp:4  | Entered Level 4 of the Swamp
 26917 | Swamp:4  | Reached XP level 17. HP: 142/210 MP: 5/24
 27666 | Swamp:4  | Got a decaying rune of Zot
 28113 | Swamp:4  | Received a gift from Trog
 28270 | Spider:1 | Entered Level 1 of the Spider Nest
 28445 | Spider:1 | Noticed Capuchin's ghost (adept MiFi)
 28465 | Spider:1 | Killed Capuchin's ghost
 28829 | Elf:1    | Entered Level 1 of the Elven Halls
 29028 | Elf:1    | Received a gift from Trog
 29067 | Elf:1    | Got a crude giant spiked club {god gift}
 29068 | Elf:1    | Identified the +5 giant spiked club of Trog's Scorn {venom, *Noise *Drain MR+ Dex+6} (Trog gifted it to you on level 1 of the Elven Halls)
 29130 | Elf:1    | Found an ancient bone altar of Kikubaaqudgha.
 29374 | Elf:1    | Found Kaben's Quality Used Wands.
 29380 | Elf:1    | Bought a wand of hasting (0/9) for 288 gold pieces
 29839 | Elf:1    | Identified the Volume of Evil Arts
 29968 | Elf:2    | Reached XP level 18. HP: 215/225 MP: 8/26
 30021 | Elf:2    | Received a gift from Trog
 30070 | Elf:2    | Received a gift from Trog
 30106 | Elf:2    | Found Namalopp's Gadget Shop.
 30106 | Elf:2    | Found Eriwyero's Jewellery Shoppe.
 30107 | Elf:2    | Found Zaliunio's Jewellery Shoppe.
 30238 | Elf:2    | Found a large runed door.
 30238 | Elf:2    | Found a large runed door.
 30265 | Elf:2    | Found a large runed door.
 30265 | Elf:2    | Found a large runed door.
 30362 | Elf:2    | Received a gift from Trog
 30961 | Spider:1 | Received a gift from Trog
 31146 | Spider:2 | Noticed Soeti's ghost (adept VSMo)
 31157 | Spider:2 | Killed Soeti's ghost
 31399 | Spider:2 | Received a gift from Trog
 32615 | Spider:3 | Received a gift from Trog
 33040 | Vaults:1 | Entered Level 1 of the Vaults
 33498 | Vaults:1 | Noticed an Ice Fiend
 33498 | Vaults:1 | Reached skill level 10 in Armour
 34375 | Vaults:1 | Reached XP level 19. HP: 228/238 MP: 9/27
 34523 | Vaults:1 | Received a gift from Trog
 35367 | Vaults:2 | Lost mutation: You possess an exceptional clarity of mind. [mutagenic glow]
 35694 | Vaults:2 | Paralysed by a sphinx for 6 turns
 35925 | Vaults:2 | Received a gift from Trog
 36216 | Vaults:2 | Received a gift from Trog
 36238 | Vaults:2 | Got a warped giant spiked club {god gift}
 36239 | Vaults:2 | Identified the +7 giant spiked club of Governance {flame, +Fly Dex+7} (Trog gifted it to you on level 2 of the Vaults)
 36623 | Vaults:2 | Reached skill level 19 in Maces & Flails
 37320 | Vaults:3 | Received a gift from Trog
 37351 | Vaults:3 | Reached skill level 20 in Maces & Flails
 37351 | Vaults:3 | Reached XP level 20. HP: 139/254 MP: 29/29
 37512 | Vaults:3 | Got a flickering bone ring
 37513 | Vaults:3 | Identified the ring "Fiomeor" {-Tele +Fly rN+ Str+2} (You found it on level 3 of the Vaults)
 38402 | Vaults:3 | Found a staircase to the Crypt.
 38465 | Vaults:3 | Noticed Jory
 38479 | Vaults:3 | Killed Jory
 38843 | Vaults:4 | Reached skill level 21 in Maces & Flails
 39469 | Vaults:4 | Received a gift from Trog
 39999 | Vaults:4 | Paralysed by a sphinx for 3 turns
 40027 | Vaults:4 | Reached skill level 22 in Maces & Flails
 41011 | Spider:4 | Entered Level 4 of the Spider Nest
 41073 | Spider:4 | Received a gift from Trog
 41677 | Spider:4 | Received a gift from Trog
 41926 | Spider:4 | Reached skill level 23 in Maces & Flails
 41934 | Spider:4 | Reached XP level 21. HP: 128/262 MP: 1/30
 42191 | Spider:4 | Got a gossamer rune of Zot
 42497 | Orc:2    | Bought the +1 cloak of Starlight {rElec rC+ EV+4 Stlth--} for 1335 gold pieces
 42708 | Depths:1 | Entered Level 1 of the Depths
 43044 | Depths:1 | Got a warped copper ring
 43045 | Depths:1 | Identified the ring "Xohubli" {+Fly rElec} (You found it on level 1 of the Depths)
 43107 | Depths:1 | Found a one-way gate to the infinite horrors of the Abyss.
 43126 | Depths:1 | Reached skill level 24 in Maces & Flails
 43131 | Depths:1 | Received a gift from Trog
 43229 | Depths:1 | Found a magical portal.
 43411 | Depths:1 | Found a gateway to Hell.
 43636 | Depths:2 | Found Riothut's General Store.
 43648 | Depths:2 | Bought a scroll of recharging for 161 gold pieces
 43867 | Depths:2 | Got a scintillating platinum amulet
 43868 | Depths:2 | Identified the amulet of Xaffe {Gourm rC++} (You found it on level 2 of the Depths)
 43907 | Depths:2 | Received a gift from Trog
 44555 | Depths:2 | Received a gift from Trog
 44908 | Depths:2 | Reached skill level 15 in Dodging
 44992 | Depths:2 | Noticed a golden dragon
 45003 | Depths:2 | Killed a golden dragon
 45226 | Depths:3 | Reached XP level 22. HP: 273/273 MP: 31/31
 45271 | Depths:3 | Noticed Asterion
 45278 | Depths:3 | Gained mutation: You expend magic power (3 MP) to strengthen your wands. [a cacodemon]
 45285 | Depths:3 | Killed Asterion
 45715 | Depths:3 | Found a one-way gate leading to the halls of Pandemonium.
 45847 | Depths:3 | Noticed a golden dragon
 45852 | Depths:3 | Killed a golden dragon
 45852 | Depths:3 | Received a gift from Trog
 45933 | Depths:3 | Noticed a golden dragon
 45942 | Depths:3 | Killed a golden dragon
 46359 | Depths:4 | Found Vahay's Weapon Shop.
 46363 | Depths:4 | Paralysed by a floating eye for 4 turns
 46377 | Depths:4 | Received a gift from Trog
 46668 | Depths:4 | Found Keukkupt's Weapon Shoppe.
 46732 | Depths:4 | Found Siubuo's Assorted Antiques.
 46750 | Depths:4 | Found a flickering gateway to a bazaar.
 46760 | Bazaar   | Entered a bazaar
 46764 | Bazaar   | Found Nezxirch's Book Emporium.
 46772 | Bazaar   | Found Caoskimo's Jewellery Shoppe.
 46784 | Bazaar   | Found Maall's Jewellery Shoppe.
 46815 | Bazaar   | Found Gucaf's Assorted Antiques.
 47283 | Depths:4 | Found Plog's Jewellery Emporium.
 47398 | Depths:4 | Noticed a golden dragon
 47413 | Depths:4 | Killed a golden dragon
 47413 | Depths:4 | Received a gift from Trog
 47517 | Depths:4 | HP: 13/273 [yaktaur captain/bolt (41)]
 47526 | Depths:4 | HP: 12/273 [poisoned by a tengu reaver (poison gas)]
 47526 | Depths:4 | Killed from afar by a tengu reaver

Vault maps used:
D:1:      dpeg_arrival_boxorama, minmay_misc_feat_tiny, cheibriados_altar_1
D:2:      minmay_octomino_e4
D:3:      cheibrodos_greedy_goblins, hangedman_feature_mirror, uniq_robin
D:4:      gammafunk_temple_overflow_claw, trog_hazing_becter, uniq_sigmund,
          uniq_edmund, uniq_menkaure
D:5:      first_bread, uniq_prince_ribbit1
D:6:      vehumet_statue, portal_sewer_entry_d
D:7:      nicolae_ru_sacrificial_ziggurat, serial_bayou, serial_bayou_shore_b,
          serial_bayou_lagoon_b, serial_bayou_pond_d, serial_bayou_shore_b
D:8:      kennysheep_mini_moat
D:9:      good_gods_temple_1, gammafunk_temple_overflow_wave,
          grunt_lair_entry_orc_guard_hut, hiddenorc1_lemuel, the_bakery
D:10:     kennysheep_small_spiral
D:11:     basic_altar, nicolae_gozag_cash_rules_everything_around_me,
          uniq_harold
D:12:     serial_shops, shop
D:13:     wad_pebble_path, uniq_sonja
D:14:     david_vaults_2, enter_trove_5, lemuel_mausoleum_altar_yredelemnul,
          portal_ice_cave_demonic_guard, david_defended_altar_elf
D:15:     grunt_enter_depths_magical_seal, minmay_door_square
Lair:1:   grunt_megastairs_3, serial_bayou_shore_a
Lair:2:   grunt_megastairs_5
Lair:3:   swamp_mist
Lair:4:   minmay_lair_oklob_tunnel, nicolae_spider_entry_tight_spaces
Lair:6:   minmay_lair_end_frog_pond, slime_altar_1, roderic_batcave
Swamp:1:  evilmike_swamp_ruin_house_3, swamp_pool1
Swamp:2:  serial_swamp_ruin, evilmike_swamp_ruin_house_4,
          evilmike_swamp_ruin_house_2, swamp_pool2, statue_in_the_mist_lemuel
Swamp:3:  nicolae_swamp_little_tower
Swamp:4:  swamp_alternative
Spider:1: nicolae_spider_circle_web
Spider:4: spider_rune_water, hive_lemuel
Orc:1:    trog_butcher_becter, uniq_fannar, uniq_josephine, uniq_erica
Orc:2:    st_orc_mages, uniq_saint_roka
Elf:1:    minmay_elf_arrival_plus, basic_altar, minmay_elf_necromancy,
          nicolae_elf_glass_and_crystal_pillar_2, nicolae_for_you_no_charge
Elf:2:    minmay_shop_grove
Vaults:1: grunt_vaults_diagonal, nicolae_vaults_branching_niches,
          vaults_room_grunt_arrival_ludios, vaults_dpeg_ring,
          nicolae_vaults_alarming
Vaults:2: dpeg_vaults_monster_box, v_misc_8, hangedman_vaults_capsules,
          v_misc_30, hangedman_vaults_river_flow, vaults_mumra_lcd,
          grunt_vaults_funnel, ontoclasm_vaults_decontamination,
          nicolae_vaults_theta, grunt_vaults_hallway_short
Vaults:3: vaults_room_fancy_cross, nicolae_vaults_murderbox,
          nicolae_vaults_ring_of_whatevers, minmay_crypt_entry_simple_walls,
          grunt_vaults_bifocal, ontoclasm_vaults_spin, ontoclasm_vaults_pinch,
          v_alt_pattern_6, hangedman_vaults_cutoff, v_misc_28, uniq_jory
Vaults:4: vaults_room_octagon, v_misc_1, vaults_dpeg_spiral, v_pattern_1,
          vaults_room_grid, hangedman_vaults_snaps, vaults_mumra_hexcomb,
          grunt_vaults_hallway_long, serial_ice_h, ontoclasm_vaults_chip,
          v_misc_12
Depths:1: minmay_misc_feat_nine_boxes, mu_enter_wizlab_3, abyss_entry,
          hell_entry, kennysheep_generic_room_5, serial_bayou_shore_b
Depths:2: cell_vault, serial_shops, shop, lightli_too_deep,
          roderic_lattice_octagonal_star, serial_bayou_shore_b,
          infiniplex_staircase_diamond
Depths:3: evilmike_cross, hangedman_coc_ice_floe, bh_walls_and_bars, pan_entry,
          roderic_lattice_a, minmay_staircase_bubble, uniq_asterion
Depths:4: minmay_blocking_statues, serial_shops, bzr_entry_dummy,
          kennysheep_mini, nicolae_shop_waterfront, shop,
          nicolae_shop_behind_doors, hell_entry, abyss_entry_small_statue_room,
          serial_bayou_pond_e, infiniplex_staircase_spiral
Bazaar:   bazaar_kb_twisted_cavern
Sewer:    sewer_co_tree

Skill      XL: |  1  2  3  4  5  6  7  8  9 10 11 12 13 14 15 16 17 18 19 20 21 22 |
---------------+-------------------------------------------------------------------+-----
Dodging        | 3 4 5 7 9 10 12 13 15 | 15.4
Maces & Flails | 5 6 7 9 10 12 14 15 16 18 20 23 24 | 24.1
Fighting       | 5 6 7 9 11 13 16 17 18 19 20 | 20.4
Throwing       | 1 2 5 6 10 12 13 14 | 14.4
Shields        | 3 4 |  4.5
Evocations     | 4 9 10 11 13 | 13.0
Armour         | 6 7 10 12 | 12.0

Action                   |  1- 3 |  4- 6 |  7- 9 | 10-12 | 13-15 | 16-18 | 19-21 | 22-24 || total
-------------------------+-------+-------+-------+-------+-------+-------+-------+-------++-------
Melee: Mace              |    89 |   198 |    61 |   290 |       |       |       |       ||   638
       Flail             |       |       |   332 |   124 |       |       |       |       ||   456
       Giant club        |       |       |    14 |       |   863 |  1194 |   198 |       ||  2269
       Great mace        |       |       |       |   272 |   160 |       |       |       ||   432
       Giant spiked club |       |       |       |       |       |    13 |   895 |   262 ||  1170
 Fire: Blowgun           |       |       |       |       |    11 |       |       |       ||    11
Throw: Stone             |       |     2 |       |       |       |       |       |       ||     2
       Tomahawk          |       |       |       |       |    19 |       |       |       ||    19
       Throwing net      |       |       |       |       |     1 |       |       |       ||     1
       Javelin           |       |       |       |       |     5 |    13 |    68 |     4 ||    90
       Large rock        |       |       |       |       |     4 |    17 |    10 |       ||    31
Invok: Berserk           |     2 |     3 |     9 |    20 |    24 |    12 |    13 |     2 ||    85
       Trog's Hand       |       |     2 |     1 |       |       |       |       |     1 ||     4
       Brothers in Arms  |       |       |       |     5 |     9 |     1 |     6 |     2 ||    23
       Burn Spellbooks   |       |       |       |       |     2 |     3 |       |       ||     5
 Abil: Evoke Blink       |       |       |       |       |     1 |       |       |       ||     1
       Evoke Invisibilit |       |       |       |       |       |     1 |     2 |     2 ||     5
       Evoke Flight      |       |       |       |       |       |       |     2 |       ||     2
Evoke: Wand              |       |       |     1 |     5 |     7 |    11 |     8 |     6 ||    38
       Rod               |       |       |       |       |       |    56 |    11 |       ||    67
       Box of beasts     |       |       |       |       |       |     1 |     2 |       ||     3
       Phial of floods   |       |       |       |       |       |       |     4 |       ||     4
  Use: Potion            |       |       |     1 |     1 |     2 |     4 |     4 |     1 ||    13
       Scroll            |       |       |    11 |    13 |    17 |    10 |    21 |     3 ||    75
 Stab: Sleeping          |     1 |     2 |     1 |     2 |     1 |       |       |       ||     7
       Distracted        |       |       |       |       |     1 |     1 |     2 |       ||     4
       Confused          |       |       |       |       |       |     1 |       |       ||     1
       Invisible         |       |       |       |       |       |     5 |    13 |     6 ||    24
       Paralysed         |       |       |       |       |       |     1 |       |       ||     1
  Eat: Chunk             |     4 |     7 |    12 |    31 |    43 |    12 |    38 |     4 ||   151
       Meat ration       |       |       |     2 |     1 |     2 |     1 |     1 |       ||     7
       Pizza             |       |       |     1 |     1 |     1 |     2 |     1 |       ||     6
       Bread ration      |       |       |       |     1 |     1 |     8 |     4 |       ||    14
       Fruit             |       |       |       |     1 |     1 |     1 |       |       ||     3
       Beef jerky        |       |       |       |       |       |     5 |     1 |       ||     6
       Royal jelly       |       |       |       |       |       |     1 |       |       ||     1
Armor: Animal skin       |    30 |    50 |    59 |       |       |       |       |       ||   139
       Skin              |       |       |    68 |   128 |       |       |       |       ||   196
       Robe              |       |       |       |       |    73 |       |       |       ||    73
       Troll leather arm |       |       |       |       |    92 |    33 |       |       ||   125
       Swamp dragon scal |       |       |       |       |       |   366 |   257 |    20 ||   643
       Fire dragon scale |       |       |       |       |       |       |       |    36 ||    36
Dodge: Dodged            |    42 |    67 |   139 |   343 |   675 |   983 |  1127 |   290 ||  3666
Block: Shield            |    10 |    98 |   125 |   173 |       |       |       |       ||   406
